 Dungeon Crawl Stone Soup version 0.31.0 (webtiles) character file.

Game seed: 12210723638713844260

2189 Weaver the Covert (level 9, -2/39 HPs)
             Began as a Spriggan Enchanter on Jan 19, 2024.
             Was an Initiate of Dithmenos.
             Succumbed to their own poison gas
             ... on level 9 of the Dungeon.
             The game lasted 00:52:03 (5523 turns).

Weaver the Covert (Spriggan Enchanter)              Turns: 5523, Time: 00:52:04

Health: -2/39      AC:  2    Str:  4    XL:     9   Next: 12%
Magic:  2/20       EV: 22    Int: 18    God:    Dithmenos [......]
Gold:   409        SH:  0    Dex: 18    Spells: 14/22 levels left

rFire   . . .        l - +4 dagger (heavy)
rCold   . . .        (no shield)
rNeg    . . .        b - +0 robe
rPois   .            (helmet restricted)
rElec   .            (no cloak)
rCorr   .            (gloves unavailable)
SInv    +            (boots unavailable)
Will    +....        (no amulet)
Stlth   ++++         k - ring of flight
HPRegen 0.26/turn    (no ring)
MPRegen 0.17/turn

%: no passive effects
@: lethally poisoned (-2 -> -66), flying, very quick
A: very small, no large weapons, unfitting armour, see invisible, speed 3
a: Renounce Religion


You were on level 9 of the Dungeon.
You worshipped Dithmenos.
Dithmenos was noncommittal.
You visited 2 branches of the dungeon, and saw 10 of its levels.
You also visited: Ossuary.

You collected 429 gold pieces.
You spent 20 gold pieces at shops.

Inventory:

Hand Weapons
 a - a +1 dagger
 l - a +4 heavy dagger (weapon)
 s - a +2 dagger of electrocution
Missiles
 e - 7 poisoned darts (quivered)
 v - 2 darts of dispersal
 x - 4 atropa-tipped darts
Armour
 b - a +0 robe (worn)
Jewellery
 k - a ring of flight (left hand)
Wands
 t - a wand of acid (10)
Scrolls
 d - 2 scrolls of identify
 g - a scroll of immolation
 o - a scroll of fear
 q - a scroll of noise
Potions
 c - 2 potions of invisibility
 f - a potion of degeneration {unknown}
 h - a potion of mutation {unknown}
 i - 2 potions of curing
 m - a potion of attraction
 n - a potion of brilliance
 p - a potion of heal wounds
 r - a potion of might {unknown}
 u - a potion of enlightenment {unknown}
 z - a potion of lignification {unknown}


   Skills:
 + Level 5.8 Short Blades
 + Level 7.5 Dodging
 + Level 9.5 Stealth
 + Level 7.0 Spellcasting
 + Level 7.4 Hexes


You had 14 spell levels left.
You knew the following spells:

 Your Spells              Type           Power      Damage    Failure   Level
a - Ensorcelled Hibernat  Hex/Ice        38%        N/A       3%          2
b - Jinxbite              Hex            66%        N/A       1%          2
c - Apportation           Tloc           12%        N/A       11%         1
d - Tukima's Dance        Hex            33%        N/A       1%          3

Your spell library contained the following spells:

 Spells                   Type           Power      Damage    Failure   Level
 Confusing Touch          Hex            33%        N/A       1%          3
 Dazzling Flash           Conj/Hex       38%        N/A       7%          3
 Hailstorm                Conj/Ice       6%         3d5       32%         3
 Summon Ice Beast         Ice/Summ       6%         N/A       32%         3
 Vhi's Electric Charge    Tloc/Air       12%        N/A       71%         4
 Alistair's Intoxication  Alch           4%         N/A       96%         5
 Arcjolt                  Conj/Air       3%         1d13      96%         5
 Sculpt Simulacrum        Ice/Alch       3%         N/A       100%        6
 Maxwell's Capacitive Co  Air            3%         ∞         100%        8


Dungeon Overview and Level Annotations

Branches:
Dungeon (9/15)             Temple (1/1) D:7         Ossuary (visited)
   Lair: D:8-11         Orc: D:9-12

Altars:
Cheibriados
Dithmenos
Elyvilon
Fedhas
Gozag
Kikubaaqudgha
Makhleb
Nemelex Xobeh
Okawaru
Qazlal
Ru
Sif Muna
Trog
Vehumet
Wu Jian
Xom
Yredelemnul
The Shining One

Shops:
D:1 ?   D:5 (

Annotations:
D:3 Robin, Sigmund
D:6 Jeremiah
D:8 Erica, Maggie


Innate Abilities, Weirdness & Mutations

You are very small and have problems with some larger weapons.
You are too small for most types of armour.
You have supernaturally acute eyesight. (SInv)
You cover ground extremely quickly. (Speed+++)


Message History

The two-headed ogre resists with some effort.
There is a stone staircase leading up here.
You reach down and open the gate.
A scorpion, a hell hound, a fire bat and a sky beast come into view.
Found a scroll of immolation and 9 gold pieces.
Found a shimmering altar of Xom.
The air fills with toxic fumes!
As you read the scroll labelled SEBLUURINT, it crumbles to dust.
It was a scroll of poison.
Okay, then.
It was a potion of heal wounds.
You feel much better.
Casting: Tukima's Dance (safe; 1% risk of failure)
Confirm with . or Enter, or press ? or * to list all spells.
Aiming: Tukima's Dance (safe; 1% risk of failure)
Press: ? - help, Shift-Dir - straight line, f/p - two-headed ogre
Aim: a two-headed ogre, wielding a +0 dire flail and a +0 giant club (poison gas, chance to affect: 45%)
The +0 dire flail dances into the air!
The two-headed ogre is engulfed in poison gas.
The two-headed ogre is poisoned.
You are engulfed in poison gas.
You are poisoned.
You feel sick.
You are engulfed in poison gas.
You are more poisoned.
You feel very sick.
The two-headed ogre is engulfed in poison gas.
The two-headed ogre looks even sicker.
The two-headed ogre wields a +0 giant club.
The two-headed ogre hits your +0 dire flail with a +0 giant club!!
Your +0 dire flail falls from the air.
You are engulfed in poison gas.
You are lethally poisoned!
You feel very sick.
You are engulfed in poison gas.
You are more poisoned.
* * * LOW HITPOINT WARNING * * *
You feel extremely sick.
You are engulfed in poison gas.
You are more poisoned.
* * * LOW HITPOINT WARNING * * *
You die...

#§☼§_...# #..
#b§§.Y..# #....
#§§☼§... #.....
#☼§§§§. #......
##§§§####§§§...8
#§☼§.O§§§§§☼....
###§§§⌠§§☼§§....
###§☼§§§§☼....
######@§§☼....
#.......§§....
...##...........
#............
##<..........8
#.............
########......
######


You could see a two-headed ogre (very poisoned).

Vanquished Creatures
  6 yaks
  An ice beast (D:6)
  An ogre (D:4)
  A bullfrog (D:9)
  3 scorpions (D:5)
  2 wights (D:7)
  3 killer bees (D:8)
  2 howler monkeys
  2 hounds
  A bombardier beetle (D:6)
  3 jellies
  An orc priest (D:8)
  A gnoll bouda (D:8)
  An iguana (D:6)
  An orc wizard (D:8)
  A mummy (Ossuary)
  4 gnolls (D:8)
  4 adders
  A white imp (D:7)
  2 dart slugs
  2 ribbon worms
  16 orcs
  4 endoplasms
  4 giant cockroaches
  7 goblins
  4 hobgoblins
  9 jackals
  6 kobolds
  2 quokkas
  6 ball pythons
  6 bats
  2 frilled lizards
  4 rats (D:1)
113 creatures vanquished.

Vanquished Creatures (collateral kills)
  3 wights (D:7)
  A hobgoblin (D:4)
4 creatures vanquished.

Vanquished Creatures (others)
  4 dancing weapons
4 creatures vanquished.

Grand Total: 121 creatures vanquished

Notes
Turn   | Place    | Note
-------+----------+-------------------------------------------
     0 | D:1      | Weaver the Spriggan Enchanter began the quest for the Orb.
     0 | D:1      | Reached XP level 1. HP: 9/9 MP: 5/5
   101 | D:2      | Reached XP level 2. HP: 13/13 MP: 6/6
   588 | D:1      | Learned a level 2 spell: Ensorcelled Hibernation
   653 | D:2      | Reached XP level 3. HP: 16/16 MP: 8/8
   920 | D:2      | Reached skill level 5 in Stealth
  1243 | D:3      | Reached XP level 4. HP: 21/21 MP: 10/10
  1380 | D:3      | Noticed Sigmund
  1835 | D:1      | Found Hilusm's Magic Scroll Emporium.
  1845 | D:1      | Bought a scroll of identify for 20 gold pieces
  2248 | D:3      | Learned a level 2 spell: Jinxbite
  2250 | D:3      | Learned a level 1 spell: Apportation
  2254 | D:3      | Learned a level 3 spell: Tukima's Dance
  2314 | D:3      | Found a bloodstained altar of Trog.
  2318 | D:3      | Noticed Robin
  2715 | D:4      | Noticed an ogre
  2733 | D:4      | Killed an ogre
  2734 | D:4      | Reached XP level 5. HP: 24/24 MP: 2/11
  2802 | D:4      | Noticed an ogre
  2831 | D:4      | Reached skill level 6 in Stealth
  2868 | D:4      | Reached XP level 6. HP: 28/28 MP: 7/13
  2957 | D:5      | Entered Level 5 of the Dungeon
  2959 | D:5      | Reached skill level 5 in Hexes
  2980 | D:5      | Found a sand-covered staircase.
  3000 | Ossuary  | Entered an ossuary
  3378 | D:6      | Noticed an ice beast
  3462 | D:7      | Reached skill level 5 in Dodging
  3557 | D:7      | Reached XP level 7. HP: 20/32 MP: 9/15
  3567 | D:7      | Found a blossoming altar of Fedhas.
  3607 | D:7      | Noticed a gargoyle
  3648 | D:6      | Reached skill level 7 in Stealth
  3683 | D:6      | Noticed Jeremiah
  3777 | D:5      | Reached skill level 5 in Spellcasting
  3830 | D:5      | Found Jaadusk's Antique Weapon Emporium.
  3962 | D:5      | Found a sparkling altar of Nemelex Xobeh.
  4249 | D:7      | Found a staircase to the Ecumenical Temple.
  4255 | Temple   | Entered the Ecumenical Temple
  4261 | Temple   | Upgraded the game from 0.31-b1-22-gc680215f68 to 0.31.0
  4291 | Temple   | Became a worshipper of Dithmenos the Shadowed
  4327 | D:8      | Noticed Maggie
  4357 | D:8      | Reached XP level 8. HP: 32/36 MP: 7/17
  4701 | D:8      | Reached skill level 8 in Stealth
  4909 | D:8      | Found an opulent altar of Gozag.
  4987 | D:8      | Reached skill level 5 in Short Blades
  5113 | D:7      | Reached skill level 9 in Stealth
  5178 | D:8      | Reached XP level 9. HP: 39/39 MP: 12/20
  5476 | D:8      | Noticed Erica
  5481 | D:8      | HP: 1/39 [constriction (8)]
  5501 | D:9      | Noticed a two-headed ogre
  5515 | D:9      | Found a shimmering altar of Xom.
  5523 | D:9      | Succumbed to their own poison gas

Illustrated notes

Levels and vault maps discovered:
D:1:      nicolae_arrival_washed_ashore, layout_basic, serial_shops, shop,
          minmay_misc_feat_secret_circle
D:2:      minmay_recursive_quarters, layout_basic,
          chequers_serial_rivers_micro_a, chequers_mini_garden
D:3:      layout_loops_ring, nicolae_overflow_hidden_temple, grunt_ministairs_1,
          grunt_decor_fettered, uniq_robin, uniq_sigmund
D:4:      layout_rooms, minmay_misc_feat_tower
D:5:      layout_gridville, nemelex_diamond_rough_becter, serial_shops,
          nicolae_shop_pleasant_corner_grove,
          nicolae_ossuary_entry_false_entrances
D:6:      layout_rooms, uniq_jeremiah
D:7:      layout_gridville, mainiacjoe_overflow_surrounded_room,
          minmay_temple_entry_fiery, nicolae_concentric_dashed_squares_wild,
          kennysheep_generic_room_12
D:8:      layout_basic, nicolae_gozag_cash_rules_everything_around_me,
          uniq_maggie, uniq_erica
D:9:      layout_cave_pods, eat_drink_and_be_merry_uskayaw,
          worldfamousw_hep_ancestral_shrine, regret_index_xom_of_box,
          lair_entry_dummy, orc_0_dummy, nicolae_titane
Temple:   nicolae_temple_ecumenical_triangle

Skill      XL: |  1  2  3  4  5  6  7  8  9 |
---------------+----------------------------+-----
Dodging        | 3 4 5 6 7 |  7.5
Spellcasting   | 3 4 5 6 7 |  7.0
Hexes          | 4 5 6 7 |  7.4
Stealth        | 5 6 7 9 |  9.5
Short Blades   | 2 3 4 5 |  5.8

Action                     |  1- 3 |  4- 6 |  7- 9 || total
---------------------------+-------+-------+-------++-------
  Melee: Dagger            |   145 |   204 |    64 ||   413
         Punch             |     1 |     1 |       ||     2
  Throw: Dart              |     7 |       |       ||     7
   Cast: Ensorcelled Hiber |     9 |    28 |    48 ||    85
         Tukima's Dance    |       |     3 |    13 ||    16
         Jinxbite          |       |     3 |       ||     3
         Apportation       |       |     7 |     1 ||     8
    Use: Scroll            |       |     8 |     8 ||    16
         Potion            |       |       |     2 ||     2
   Stab: Sleeping          |    13 |    19 |    27 ||    59
 Armour: Robe              |    51 |    66 |    23 ||   140
  Dodge: Dodged            |   107 |   172 |    53 ||   332
